 Dungeon Crawl Stone Soup version 0.19-a0-1223-gf83d13a (webtiles) character file.

301 truemonolith the Slicer (level 6, -7/41 HPs)
             Began as a Halfling Berserker on Aug 24, 2016.
             Was a Priest of Trog.
             Killed from afar by Natasha (8 damage)
             ... with a magic dart
             ... on level 4 of the Dungeon.
             The game lasted 00:06:15 (3614 turns).

truemonolith the Slicer (Halfling Berserker)        Turns: 3614, Time: 00:06:16

Health: -7/41      AC:  5    Str: 17    XL:     6   Next: 64%
Magic:  6/6        EV: 15    Int:  6    God:    Trog [***...]
Gold:   203        SH:  0    Dex: 16    Spells: 0 memorised, 5 levels left

rFire  . . .     SeeInvis .     a - +0 short sword
rCold  . . .     Gourm    .     f - +0 leather armour
rNeg   . . .     Faith    .     (shield restricted)
rPois  .         Spirit   .     y - +0 helmet
rElec  .         Dismiss  .     s - +0 cloak
rCorr  .         Reflect  .     r - -1 pair of gloves
MR     .....     Harm     .     (no boots)
Stlth  +.........               (no amulet)
                                (no ring)
                                (no ring)

@: exhausted, slowed, very slow
A: mutation resistance 1
a: Berserk, Trog's Hand, Burn Spellbooks, Renounce Religion


You were on level 4 of the Dungeon.
You worshipped Trog.
Trog was most pleased with you.
You were near starving.

You visited 1 branch of the dungeon, and saw 4 of its levels.

You collected 203 gold pieces.

Inventory:

Hand Weapons
 a - a +0 short sword (weapon)
Armour
 b - a +0 animal skin
 f - a +0 leather armour (worn)
 r - a -1 pair of gloves (worn)
 s - a +0 cloak (worn)
 y - a +0 helmet (worn)
Jewellery
 g - an uncursed amulet of rage
 h - a +5 ring of evasion {unknown}
 i - an uncursed amulet of magic regeneration {unknown}
 l - a +1 ring of evasion {unknown}
 w - an uncursed ring of resist corrosion {unknown}
Scrolls
 d - 2 scrolls of identify
 m - 2 scrolls of teleportation
 u - a scroll of blinking {unknown}
 x - a scroll of random uselessness {unknown}
Potions
 e - 2 potions of haste {unknown}
 j - a potion of berserk rage {unknown}
 n - 3 potions of might {unknown}
 o - a potion of heal wounds {unknown}
 p - 2 potions of cure mutation {unknown}
 q - a potion of mutation {unknown}
 t - a potion of resistance {unknown}
 v - 2 potions of lignification {unknown}
 A - a potion of curing
Comestibles
 c - 6 bread rations
 k - a meat ration
 z - a slice of pizza


   Skills:
 - Level 2.6 Fighting
 + Level 9.1 Short Blades
 - Level 2.1 Armour
 - Level 2.1 Dodging


You had 5 spell levels left.
You didn't know any spells.

Dungeon Overview and Level Annotations

Branches:
Dungeon (4/15)
 Temple: D:4-7

Altars:
Ashenzari
Elyvilon

Annotations:
D:4 Natasha


Innate Abilities, Weirdness & Mutations

You are small and have problems with some larger weapons.
You are somewhat resistant to further mutation.


Message History

* * * LOW HITPOINT WARNING * * *
You hit Natasha.
Natasha is heavily wounded.
Natasha misses you.
You hit Natasha.
Natasha is severely wounded.
Natasha misses you.
You barely miss Natasha.
Natasha is severely wounded.
Natasha zaps a wand.
The puff of flame hits you!
* * * LOW HITPOINT WARNING * * *
You hit Natasha.
Natasha is almost dead.
Natasha drinks a potion.
Natasha is healed!
You closely miss Natasha.
Natasha is heavily wounded.
The hobgoblin barely misses you. Natasha casts a spell at you.
The magic dart hits you!
You die...

#......... .. #........
.. ......... ..
#.......# #'
#.......##.#### #.
#......<......# #.###
#........######
..####.#.####........##
..........@h...........#
##.###.....g............
###.###.###.###.#.#
...................
##..###.###.###.#.####
#..# #.# #.# #(#.)...
#..# #.# #.# #.#..).)
...###.###.# #....)..
).........#.###)#.####


You could see Natasha and a hobgoblin.

Vanquished Creatures
  Edmund (D:4)
  Jessica (D:3)
  Natasha (D:4)
  Robin (D:3)
  3 adders
  A shadow imp (D:2)
  An adder skeleton (D:4)
  2 worms (D:2)
  3 dart slugs
  4 giant geckos
  3 ball pythons (D:2)
  6 bats
  7 giant cockroaches
  15 goblins
  8 hobgoblins
  5 jackals (D:2)
  8 giant newts
  5 kobolds
  7 rats
82 creatures vanquished.

Notes
Turn   | Place    | Note
-------+----------+-------------------------------------------
     0 | D:1      | truemonolith the Halfling Berserker began the quest for the Orb.
     0 | D:1      | Reached XP level 1. HP: 15/15 MP: 1/1
    81 | D:1      | Reached XP level 2. HP: 20/20 MP: 2/2
   136 | D:1      | Reached skill level 5 in Short Blades
   187 | D:1      | Reached XP level 3. HP: 7/25 MP: 3/3
  1271 | D:2      | Reached ** piety under Trog
  1373 | D:2      | Reached skill level 6 in Short Blades
  1373 | D:2      | Reached XP level 4. HP: 22/30 MP: 4/4
  2122 | D:2      | Found a shattered altar of Ashenzari.
  2825 | D:2      | Reached skill level 7 in Short Blades
  2825 | D:2      | Reached XP level 5. HP: 29/35 MP: 5/5
  3189 | D:3      | Found a white marble altar of Elyvilon.
  3212 | D:3      | Noticed Jessica
  3216 | D:3      | Killed Jessica
  3315 | D:4      | Noticed Robin
  3324 | D:3      | Killed Robin
  3359 | D:4      | Noticed Edmund
  3374 | D:4      | Killed Edmund
  3374 | D:4      | Reached skill level 8 in Short Blades
  3374 | D:4      | Reached XP level 6. HP: 33/41 MP: 6/6
  3496 | D:4      | Reached *** piety under Trog
  3507 | D:4      | Reached skill level 9 in Short Blades
  3569 | D:4      | Noticed Natasha
  3587 | D:4      | Killed Natasha
  3603 | D:4      | Noticed Natasha
  3612 | D:4      | HP: 1/41 [Natasha/wand of flame (8)]
  3614 | D:4      | Killed from afar by Natasha

Vault maps used:
D:1:      dpeg_arrival_boxorama, minmay_cupped
D:2:      ashenzari_altar_1, minmay_pentomino_u4
D:3:      lemuel_upstairs_altar, lemuel_doored_altar, first_bread, uniq_jessica
D:4:      uniq_natasha, uniq_robin, uniq_edmund

Skill      XL: |  1  2  3  4  5  6 |
---------------+-------------------+-----
Short Blades   | 5 6 7 8 9 |  9.1
Fighting       | |  2.6
Armour         | |  2.1
Dodging        | |  2.1

Action                   |  1- 3 |  4- 6 || total
-------------------------+-------+-------++-------
Melee: Short sword       |   100 |   219 ||   319
Invok: Berserk           |     1 |     2 ||     3
  Use: Scroll            |       |     6 ||     6
 Stab: Sleeping          |     4 |     1 ||     5
  Eat: Bread ration      |     1 |     1 ||     2
       Chunk             |       |     1 ||     1
Armor: Animal skin       |    14 |     2 ||    16
       Leather armour    |       |    41 ||    41
Dodge: Dodged            |    85 |   144 ||   229
